Connexion

TAMPA BAY Lightning vs BUFFALO Sabres

Created - 19 décembre 2023 at 09:02

Goals
1 2 3 T
TAMPA BAY Lightning 0 1 1 2
BUFFALO Sabres 0 3 0 3
Shots
1 2 3 T
TAMPA BAY Lightning 10 10 5 25
BUFFALO Sabres 8 8 8 24

GoalsPenalties
1st period
No Goal
Lawson Crouse (T.B) for Interference (Minor) at 0:25
Artem Zub (T.B) for Hooking (Minor) at 3:24
2nd period
1. TAMPA BAY Lightning , Lawson Crouse 14 (Mark Friedman 19, Oskar Sundqvist 10) at 5:16 (PP)
2. BUFFALO Sabres , Nelson Nogier 2 (Brandon Saad 14, Tyler Myers 9) at 12:37 (PP)
3. BUFFALO Sabres , Brandon Saad 17 (Conor Sheary 26, Timothy Liljegren 23) at 14:47
4. BUFFALO Sabres , Brandon Saad 18 (Hampus Lindholm 33, Conor Sheary 27) at 15:04
Warren Foegele (BUF) for Holding (Minor) at 5:12
Artem Zub (T.B) for Roughing (Minor) at 8:17
Ivan Provorov (T.B) for Hooking (Minor) at 12:19
3rd period
5. TAMPA BAY Lightning , Evander Kane 22 (Evgeny Kuznetsov 31, Mark Friedman 20) at 10:11
Jesperi Kotkaniemi (T.B) for Hooking (Minor) at 5:15
Goalie Stats
Martin Jones (T.B), 21 saves from 24 shots - (0,875), L, 23-21-1, 59:54 minutes
Thatcher Demko (BUF), 23 saves from 25 shots - (0,920), W, 15-14-1, 60:00 minutes
3 StarsOfficial
1 - Brandon Saad (BUF)
2 - Conor Sheary (BUF)
3 - Timothy Liljegren (BUF)
Referees : Dan Marouelli and Jean Hebert
Linesman : Steve Barton and Derek Amell
Game Note
No Game Note
Finance
Level 1 -- Attendance: 6000 (100,00%) -- Ticket Income $522,000
Level 2 -- Attendance: 5313 (93,37%) -- Ticket Income $456,918
Level 3 -- Attendance: 1960 (98,00%) -- Ticket Income $111,720
Level 4 -- Attendance: 4000 (100,00%) -- Ticket Income $12,000
Luxury Box -- Attendance: 1000 (100,00%) -- Ticket Income $28,000
Game was played at the HSBC Arena.
Total Attendance: 18273 (97,77%)
Total Ticket Income: $1,130,638
Other Income: $226,128
Total Income: $1,356,766



Team Name Goals Shots Shots Attemp Shots Blocked PIM HIT PP PK FO%
TAMPA BAY Lightning 22556610201 / 1 (100%)141%
BUFFALO Sabres 3246292171 / 5 (20%)159%

TAMPA BAY Lightning
Player Name POS G A P +/- PIM HIT SHT SB MP PP MP PP SHT PK MP PK SHT FO% FOT
Anders LeeC/LW0000013023:080:0005:48117% 6
Artem ZubD0000431018:200:0402:1100% 0
Cole SillingerC000001107:450:0000:00038% 8
Denis MalginC/LW/RW000000007:450:0000:0000% 0
Evander KaneC/LW/RW1010032019:460:0002:2600% 0
Evgeny KuznetsovC0110002023:080:0005:48026% 23
Ivan ProvorovD0000250224:270:0004:1500% 0
Jesperi KotkaniemiC/LW000-1203011:170:0000:0000% 0
Josh MahuraD000-1000115:220:0000:0000% 0
Kent JohnsonC/LW000-1003011:180:0000:00043% 7
Lawson CrouseLW/RW1010233115:220:0410:000100% 1
Mark FriedmanD0220001120:100:0403:5910% 0
Martin FehervaryD000-1021017:100:0001:4800% 0
Oskar SundqvistC0110010017:490:0402:26059% 22
Peter CehlarikLW/RW000000007:450:0000:0000% 0
Rasmus AsplundC/RW000-1002011:180:0000:0000% 0
Ryan McDonagh D0000011124:280:0004:1500% 0
Sven BaertschiLW0000002015:230:0400:00050% 2
BUFFALO Sabres
Player Name POS G A P +/- PIM HIT SHT SB MP PP MP PP SHT PK MP PK SHT FO% FOT
Anton BlidhLW000000003:060:0000:0000% 0
Brandon SaadLW/RW2132016024:134:2710:0400% 0
Conor ShearyLW/RW0222002022:332:5100:00067% 3
Eetu LuostarinenC000000103:060:0000:00067% 3
Hampus LindholmD0112000223:534:0900:0400% 0
Ivan BarbashevC/LW/RW0000021015:070:0000:00050% 12
Jesper BoqvistC/LW000000000:000:0000:0000% 0
Joe HickettsD000-1000114:550:0000:0000% 0
Joel FarabeeLW0000033116:030:5600:000100% 1
Michael Del ZottoD000-1000114:550:0000:0000% 0
Mikhail GrigorenkoC/LW/RW000-1003117:343:4700:0000% 0
Nelson NogierD1010001121:124:0510:0000% 0
Robby FabbriC/LW000-1031020:403:4700:00067% 6
Ryan JohansenC0002043024:134:2710:04058% 24
Sam GagnerC/LW/RW000-1002018:144:2710:00061% 18
Timothy LiljegrenD0112011223:534:0900:0400% 0
Tyler MyersD0110020021:124:0500:0000% 0
Warren FoegeleLW/RW0000210015:060:0000:00050% 2



Play-by-Play

1st period


0:01 of 1st period - Evgeny Kuznetsov wins face-off versus Ryan Johansen in neutral zone.
0:10 of 1st period - Off-side.
0:11 of 1st period - Oskar Sundqvist wins face-off versus Sam Gagner in neutral zone.
0:25 of 1st period - Minor Penalty to Lawson Crouse for Interference.
0:26 of 1st period - Sam Gagner wins face-off versus Anders Lee in TAMPA BAY Lightning zone.
0:45 of 1st period - Shot by Brandon Saad.
0:45 of 1st period - Stopped by Martin Jones without a rebound.
0:46 of 1st period - Robby Fabbri wins face-off versus Oskar Sundqvist in TAMPA BAY Lightning zone.
1:07 of 1st period - Shot by Anders Lee.
1:07 of 1st period - Stopped by Thatcher Demko without a rebound.
1:08 of 1st period - Ryan Johansen wins face-off versus Oskar Sundqvist in BUFFALO Sabres zone.
1:37 of 1st period - Ryan McDonagh is hit by Ryan Johansen and loses puck.
2:14 of 1st period - Shot by Nelson Nogier.
2:14 of 1st period - Shot Blocked by Ryan McDonagh .
2:42 of 1st period - Shot by Joel Farabee.
2:42 of 1st period - Stopped by Martin Jones without a rebound.
2:43 of 1st period - Oskar Sundqvist wins face-off versus Eetu Luostarinen in TAMPA BAY Lightning zone.
2:47 of 1st period - Off-side.
2:48 of 1st period - Anders Lee wins face-off versus Conor Sheary in neutral zone.
2:59 of 1st period - Shot by Ryan Johansen.
2:59 of 1st period - Deflect By Conor Sheary.
2:59 of 1st period - Stopped by Martin Jones without a rebound.
3:00 of 1st period - Oskar Sundqvist wins face-off versus Sam Gagner in TAMPA BAY Lightning zone.
3:24 of 1st period - Minor Penalty to Artem Zub for Hooking.
3:25 of 1st period - Ryan Johansen wins face-off versus Evgeny Kuznetsov in TAMPA BAY Lightning zone.
4:11 of 1st period - Off-side.
4:12 of 1st period - Robby Fabbri wins face-off versus Evgeny Kuznetsov in neutral zone.
4:29 of 1st period - Oskar Sundqvist is hit by Robby Fabbri and loses puck.
4:38 of 1st period - Shot by Mikhail Grigorenko.
4:38 of 1st period - Shot Misses the Net.
5:56 of 1st period - Icing by Joe Hicketts.
5:57 of 1st period - Ivan Barbashev wins face-off versus Oskar Sundqvist in BUFFALO Sabres zone.
6:02 of 1st period - Shot by Joel Farabee.
6:02 of 1st period - Stopped by Martin Jones without a rebound.
6:03 of 1st period - Oskar Sundqvist wins face-off versus Ryan Johansen in TAMPA BAY Lightning zone.
6:14 of 1st period - Josh Mahura is hit by Ryan Johansen and loses puck.
6:21 of 1st period - Shot by Conor Sheary.
6:21 of 1st period - Stopped by Martin Jones without a rebound.
6:22 of 1st period - Evgeny Kuznetsov wins face-off versus Sam Gagner in TAMPA BAY Lightning zone.
8:25 of 1st period - Icing by Ryan McDonagh .
8:26 of 1st period - Kent Johnson wins face-off versus Ivan Barbashev in TAMPA BAY Lightning zone.
8:45 of 1st period - Evander Kane is hit by Warren Foegele and loses puck.
9:11 of 1st period - Shot by Anders Lee.
9:11 of 1st period - Shot Misses the Net.
9:13 of 1st period - Shot by Anders Lee.
9:13 of 1st period - Deflect By Evander Kane.
9:13 of 1st period - Shot Blocked by Joe Hicketts.
9:15 of 1st period - Shot by Evander Kane.
9:15 of 1st period - Stopped by Thatcher Demko without a rebound.
9:16 of 1st period - Oskar Sundqvist wins face-off versus Sam Gagner in BUFFALO Sabres zone.
9:16 of 1st period - Josh Mahura is hit by Tyler Myers and loses puck.
9:38 of 1st period - Shot by Sven Baertschi.
9:38 of 1st period - Shot Misses the Net.
9:42 of 1st period - Shot by Sven Baertschi.
9:42 of 1st period - Shot Blocked by Mikhail Grigorenko.
9:44 of 1st period - Shot by Martin Fehervary.
9:44 of 1st period - Stopped by Thatcher Demko with a rebound.
9:46 of 1st period - Shot by Lawson Crouse.
9:46 of 1st period - Shot Misses the Net.
9:48 of 1st period - Shot by Sven Baertschi.
9:48 of 1st period - Shot Misses the Net.
9:50 of 1st period - Shot by Lawson Crouse.
9:50 of 1st period - Shot Misses the Net.
9:52 of 1st period - Shot by Sven Baertschi.
9:52 of 1st period - Stopped by Thatcher Demko with a rebound.
9:54 of 1st period - Shot by Oskar Sundqvist.
9:54 of 1st period - Shot Misses the Net.
9:56 of 1st period - Shot by Sven Baertschi.
9:56 of 1st period - Stopped by Thatcher Demko without a rebound.
9:57 of 1st period - Evgeny Kuznetsov wins face-off versus Ryan Johansen in BUFFALO Sabres zone.
10:07 of 1st period - Evgeny Kuznetsov is hit by Timothy Liljegren and loses puck.
10:30 of 1st period - Shot by Brandon Saad.
10:30 of 1st period - Shot Misses the Net.
10:32 of 1st period - Shot by Ryan Johansen.
10:32 of 1st period - Shot Misses the Net.
10:34 of 1st period - Shot by Ryan Johansen.
10:34 of 1st period - Stopped by Martin Jones with a rebound.
12:17 of 1st period - Shot by Eetu Luostarinen.
12:17 of 1st period - Stopped by Martin Jones without a rebound.
12:18 of 1st period - Oskar Sundqvist wins face-off versus Ryan Johansen in TAMPA BAY Lightning zone.
12:30 of 1st period - Shot by Sven Baertschi.
12:30 of 1st period - Shot Misses the Net.
13:26 of 1st period - Shot by Rasmus Asplund.
13:26 of 1st period - Stopped by Thatcher Demko with a rebound.
13:28 of 1st period - Shot by Jesperi Kotkaniemi.
13:28 of 1st period - Stopped by Thatcher Demko without a rebound.
13:29 of 1st period - Sam Gagner wins face-off versus Cole Sillinger in BUFFALO Sabres zone.
13:36 of 1st period - Shot by Mikhail Grigorenko.
13:36 of 1st period - Stopped by Martin Jones with a rebound.
14:25 of 1st period - Shot by Kent Johnson.
14:25 of 1st period - Deflect By Jesperi Kotkaniemi.
14:25 of 1st period - Shot Blocked by Nelson Nogier.
14:41 of 1st period - Shot by Kent Johnson.
14:41 of 1st period - Stopped by Thatcher Demko with a rebound.
14:43 of 1st period - Shot by Jesperi Kotkaniemi.
14:43 of 1st period - Stopped by Thatcher Demko without a rebound.
14:44 of 1st period - Ivan Barbashev wins face-off versus Oskar Sundqvist in BUFFALO Sabres zone.
15:07 of 1st period - Ivan Barbashev is hit by Oskar Sundqvist and loses puck.
16:16 of 1st period - Shot by Denis Malgin.
16:16 of 1st period - Shot Blocked by Timothy Liljegren.
16:18 of 1st period - Shot by Artem Zub.
16:18 of 1st period - Stopped by Thatcher Demko without a rebound.
16:19 of 1st period - Eetu Luostarinen wins face-off versus Evgeny Kuznetsov in BUFFALO Sabres zone.
17:02 of 1st period - Icing by Evgeny Kuznetsov.
17:03 of 1st period - Ivan Barbashev wins face-off versus Evgeny Kuznetsov in TAMPA BAY Lightning zone.
17:57 of 1st period - Shot by Sven Baertschi.
17:57 of 1st period - Shot Misses the Net.
18:56 of 1st period - Shot by Mikhail Grigorenko.
18:56 of 1st period - Shot Misses the Net.
19:43 of 1st period - Ivan Provorov is hit by Ivan Barbashev.
Goals for this period are 0 for TAMPA BAY Lightning vs 0 for BUFFALO Sabres.
Shots for this period are 10 for TAMPA BAY Lightning vs 8 for BUFFALO Sabres.

2nd period


0:01 of 2nd period - Ryan Johansen wins face-off versus Evgeny Kuznetsov in neutral zone.
0:32 of 2nd period - Shot by Evgeny Kuznetsov.
0:32 of 2nd period - Shot Misses the Net.
0:34 of 2nd period - Shot by Anders Lee.
0:34 of 2nd period - Stopped by Thatcher Demko with a rebound.
1:07 of 2nd period - Shot by Lawson Crouse.
1:07 of 2nd period - Stopped by Thatcher Demko without a rebound.
1:08 of 2nd period - Sam Gagner wins face-off versus Kent Johnson in BUFFALO Sabres zone.
1:10 of 2nd period - Icing by Nelson Nogier.
1:11 of 2nd period - Sam Gagner wins face-off versus Sven Baertschi in BUFFALO Sabres zone.
1:11 of 2nd period - Sam Gagner is hit by Lawson Crouse.
1:16 of 2nd period - Tyler Myers is hit by Artem Zub and loses puck.
1:23 of 2nd period - Shot by Sam Gagner.
1:23 of 2nd period - Shot Misses the Net.
1:25 of 2nd period - Shot by Sam Gagner.
1:25 of 2nd period - Shot Misses the Net.
1:27 of 2nd period - Shot by Mikhail Grigorenko.
1:27 of 2nd period - Stopped by Martin Jones without a rebound.
1:28 of 2nd period - Ivan Barbashev wins face-off versus Kent Johnson in TAMPA BAY Lightning zone.
1:31 of 2nd period - Shot by Ivan Barbashev.
1:31 of 2nd period - Stopped by Martin Jones with a rebound.
1:43 of 2nd period - Shot by Warren Foegele.
1:43 of 2nd period - Shot Misses the Net.
2:32 of 2nd period - Icing by Evander Kane.
2:33 of 2nd period - Ryan Johansen wins face-off versus Evgeny Kuznetsov in TAMPA BAY Lightning zone.
2:42 of 2nd period - Shot by Conor Sheary.
2:42 of 2nd period - Shot Misses the Net.
2:54 of 2nd period - Shot by Anders Lee.
2:54 of 2nd period - Stopped by Thatcher Demko without a rebound.
2:55 of 2nd period - Sam Gagner wins face-off versus Oskar Sundqvist in BUFFALO Sabres zone.
3:02 of 2nd period - Icing by Martin Fehervary.
3:03 of 2nd period - Ryan Johansen wins face-off versus Oskar Sundqvist in TAMPA BAY Lightning zone.
4:12 of 2nd period - Robby Fabbri is hit by Evander Kane and loses puck.
5:12 of 2nd period - Minor Penalty to Warren Foegele for Holding.
5:13 of 2nd period - Oskar Sundqvist wins face-off versus Ryan Johansen in BUFFALO Sabres zone.
5:14 of 2nd period - Shot by Mark Friedman.
5:14 of 2nd period - Shot Misses the Net.
5:16 of 2nd period - Shot by Lawson Crouse.
5:16 of 2nd period - Goal by Lawson Crouse - TAMPA BAY Lightning : 1 - BUFFALO Sabres : 0.
5:17 of 2nd period - Oskar Sundqvist wins face-off versus Ivan Barbashev in neutral zone.
5:28 of 2nd period - Josh Mahura is hit by Joel Farabee and loses puck.
6:00 of 2nd period - Ivan Barbashev is hit by Martin Fehervary and loses puck.
6:06 of 2nd period - Icing by Josh Mahura.
6:07 of 2nd period - Oskar Sundqvist wins face-off versus Ryan Johansen in TAMPA BAY Lightning zone.
6:07 of 2nd period - Sven Baertschi is hit by Ryan Johansen and loses puck.
6:29 of 2nd period - Brandon Saad is hit by Ivan Provorov and loses puck.
7:17 of 2nd period - Sam Gagner is hit by Artem Zub and loses puck.
8:04 of 2nd period - Shot by Ivan Barbashev.
8:04 of 2nd period - Shot Blocked by Mark Friedman.
8:17 of 2nd period - Minor Penalty to Artem Zub for Roughing.
8:18 of 2nd period - Ryan Johansen wins face-off versus Anders Lee in TAMPA BAY Lightning zone.
8:31 of 2nd period - Shot by Hampus Lindholm.
8:31 of 2nd period - Shot Misses the Net.
8:33 of 2nd period - Shot by Ryan Johansen.
8:33 of 2nd period - Deflect By Brandon Saad.
8:33 of 2nd period - Shot Misses the Net.
8:41 of 2nd period - Shot by Sam Gagner.
8:41 of 2nd period - Shot Blocked by Ivan Provorov.
8:43 of 2nd period - Shot by Ryan Johansen.
8:43 of 2nd period - Deflect By Sam Gagner.
8:43 of 2nd period - Shot Blocked by Ivan Provorov.
8:45 of 2nd period - Shot by Sam Gagner.
8:45 of 2nd period - Stopped by Martin Jones without a rebound.
8:46 of 2nd period - Evgeny Kuznetsov wins face-off versus Robby Fabbri in TAMPA BAY Lightning zone.
9:17 of 2nd period - Shot by Mark Friedman.
9:17 of 2nd period - Stopped by Thatcher Demko without a rebound.
9:18 of 2nd period - Sam Gagner wins face-off versus Oskar Sundqvist in BUFFALO Sabres zone.
10:17 of 2nd period - Oskar Sundqvist is hit by Joel Farabee and loses puck.
10:30 of 2nd period - Shot by Rasmus Asplund.
10:30 of 2nd period - Stopped by Thatcher Demko without a rebound.
10:31 of 2nd period - Robby Fabbri wins face-off versus Oskar Sundqvist in BUFFALO Sabres zone.
10:51 of 2nd period - Shot by Lawson Crouse.
10:51 of 2nd period - Stopped by Thatcher Demko with a rebound.
10:58 of 2nd period - Robby Fabbri is hit by Martin Fehervary and loses puck.
11:21 of 2nd period - Nelson Nogier is hit by Lawson Crouse and loses puck.
11:44 of 2nd period - Shot by Brandon Saad.
11:44 of 2nd period - Stopped by Martin Jones without a rebound.
11:45 of 2nd period - Evgeny Kuznetsov wins face-off versus Ivan Barbashev in TAMPA BAY Lightning zone.
12:19 of 2nd period - Minor Penalty to Ivan Provorov for Hooking.
12:20 of 2nd period - Ryan Johansen wins face-off versus Evgeny Kuznetsov in TAMPA BAY Lightning zone.
12:21 of 2nd period - Shot by Nelson Nogier.
12:21 of 2nd period - Shot Misses the Net.
12:23 of 2nd period - Shot by Sam Gagner.
12:23 of 2nd period - Shot Misses the Net.
12:25 of 2nd period - Shot by Ryan Johansen.
12:25 of 2nd period - Stopped by Martin Jones with a rebound.
12:37 of 2nd period - Shot by Nelson Nogier.
12:37 of 2nd period - Goal by Nelson Nogier - TAMPA BAY Lightning : 1 - BUFFALO Sabres : 1.
12:38 of 2nd period - Eetu Luostarinen wins face-off versus Kent Johnson in neutral zone.
12:40 of 2nd period - Off-side.
12:41 of 2nd period - Kent Johnson wins face-off versus Ryan Johansen in neutral zone.
12:44 of 2nd period - Shot by Rasmus Asplund.
12:44 of 2nd period - Shot Blocked by Hampus Lindholm.
12:46 of 2nd period - Shot by Jesperi Kotkaniemi.
12:46 of 2nd period - Stopped by Thatcher Demko without a rebound.
12:47 of 2nd period - Oskar Sundqvist wins face-off versus Ryan Johansen in BUFFALO Sabres zone.
13:06 of 2nd period - Shot by Ryan Johansen.
13:06 of 2nd period - Shot Blocked by Lawson Crouse.
13:08 of 2nd period - Shot by Brandon Saad.
13:08 of 2nd period - Shot Misses the Net.
13:31 of 2nd period - Icing by Ivan Provorov.
13:32 of 2nd period - Lawson Crouse wins face-off versus Sam Gagner in TAMPA BAY Lightning zone.
14:25 of 2nd period - Shot by Evander Kane.
14:25 of 2nd period - Shot Misses the Net.
14:33 of 2nd period - Shot by Anders Lee.
14:33 of 2nd period - Deflect By Evgeny Kuznetsov.
14:33 of 2nd period - Stopped by Thatcher Demko without a rebound.
14:34 of 2nd period - Kent Johnson wins face-off versus Ryan Johansen in BUFFALO Sabres zone.
14:45 of 2nd period - Shot by Brandon Saad.
14:45 of 2nd period - Shot Misses the Net.
14:47 of 2nd period - Shot by Brandon Saad.
14:47 of 2nd period - Goal by Brandon Saad - TAMPA BAY Lightning : 1 - BUFFALO Sabres : 2.
14:48 of 2nd period - Ivan Barbashev wins face-off versus Cole Sillinger in neutral zone.
14:50 of 2nd period - Off-side.
14:51 of 2nd period - Ryan Johansen wins face-off versus Evgeny Kuznetsov in neutral zone.
15:04 of 2nd period - Shot by Brandon Saad.
15:04 of 2nd period - Goal by Brandon Saad - TAMPA BAY Lightning : 1 - BUFFALO Sabres : 3.
15:05 of 2nd period - Sam Gagner wins face-off versus Oskar Sundqvist in neutral zone.
15:09 of 2nd period - Robby Fabbri is hit by Ivan Provorov and loses puck.
15:36 of 2nd period - Shot by Mikhail Grigorenko.
15:36 of 2nd period - Shot Misses the Net.
17:19 of 2nd period - Shot by Rasmus Asplund.
17:19 of 2nd period - Shot Blocked by Joel Farabee.
17:32 of 2nd period - Icing by Michael Del Zotto.
17:33 of 2nd period - Oskar Sundqvist wins face-off versus Warren Foegele in BUFFALO Sabres zone.
18:47 of 2nd period - Off-side.
18:48 of 2nd period - Sam Gagner wins face-off versus Cole Sillinger in neutral zone.
18:54 of 2nd period - Off-side.
18:55 of 2nd period - Conor Sheary wins face-off versus Anders Lee in neutral zone.
18:55 of 2nd period - Conor Sheary is hit by Evander Kane.
19:19 of 2nd period - Shot by Evgeny Kuznetsov.
19:19 of 2nd period - Stopped by Thatcher Demko without a rebound.
19:20 of 2nd period - Sven Baertschi wins face-off versus Sam Gagner in BUFFALO Sabres zone.
19:58 of 2nd period - Shot by Sam Gagner.
19:58 of 2nd period - Shot Misses the Net.
Goals for this period are 1 for TAMPA BAY Lightning vs 3 for BUFFALO Sabres.
Shots for this period are 10 for TAMPA BAY Lightning vs 8 for BUFFALO Sabres.

3rd period


0:01 of 3rd period - Ryan Johansen wins face-off versus Evgeny Kuznetsov in neutral zone.
0:08 of 3rd period - Shot by Ryan Johansen.
0:08 of 3rd period - Shot Misses the Net.
0:10 of 3rd period - Shot by Ryan Johansen.
0:10 of 3rd period - Deflect By Conor Sheary.
0:10 of 3rd period - Shot Misses the Net.
0:14 of 3rd period - Shot by Brandon Saad.
0:14 of 3rd period - Shot Misses the Net.
0:16 of 3rd period - Shot by Brandon Saad.
0:16 of 3rd period - Shot Misses the Net.
0:18 of 3rd period - Shot by Timothy Liljegren.
0:18 of 3rd period - Stopped by Martin Jones without a rebound.
0:19 of 3rd period - Sam Gagner wins face-off versus Cole Sillinger in TAMPA BAY Lightning zone.
0:20 of 3rd period - Shot by Mikhail Grigorenko.
0:20 of 3rd period - Deflect By Robby Fabbri.
0:20 of 3rd period - Stopped by Martin Jones without a rebound.
0:21 of 3rd period - Ryan Johansen wins face-off versus Anders Lee in TAMPA BAY Lightning zone.
0:29 of 3rd period - Conor Sheary is hit by Ivan Provorov and loses puck.
0:47 of 3rd period - Off-side.
0:48 of 3rd period - Cole Sillinger wins face-off versus Sam Gagner in neutral zone.
1:12 of 3rd period - Off-side.
1:13 of 3rd period - Ryan Johansen wins face-off versus Evgeny Kuznetsov in neutral zone.
1:40 of 3rd period - Timothy Liljegren is hit by Ivan Provorov and loses puck.
2:03 of 3rd period - Ryan Johansen is hit by Anders Lee and loses puck.
2:17 of 3rd period - Icing by Ryan McDonagh .
2:18 of 3rd period - Sam Gagner wins face-off versus Evgeny Kuznetsov in TAMPA BAY Lightning zone.
2:53 of 3rd period - Shot by Sam Gagner.
2:53 of 3rd period - Shot Misses the Net.
3:55 of 3rd period - Shot by Jesperi Kotkaniemi.
3:55 of 3rd period - Shot Misses the Net.
3:58 of 3rd period - Icing by Ivan Barbashev.
3:59 of 3rd period - Ivan Barbashev wins face-off versus Cole Sillinger in BUFFALO Sabres zone.
4:20 of 3rd period - Shot by Denis Malgin.
4:20 of 3rd period - Shot Misses the Net.
4:58 of 3rd period - Shot by Jesperi Kotkaniemi.
4:58 of 3rd period - Shot Misses the Net.
5:15 of 3rd period - Minor Penalty to Jesperi Kotkaniemi for Hooking.
5:16 of 3rd period - Robby Fabbri wins face-off versus Evgeny Kuznetsov in TAMPA BAY Lightning zone.
5:55 of 3rd period - Shot by Evgeny Kuznetsov.
5:55 of 3rd period - Shot Misses the Net.
5:58 of 3rd period - Icing by Mikhail Grigorenko.
5:59 of 3rd period - Oskar Sundqvist wins face-off versus Robby Fabbri in BUFFALO Sabres zone.
6:34 of 3rd period - Icing by Hampus Lindholm.
6:35 of 3rd period - Ryan Johansen wins face-off versus Evgeny Kuznetsov in BUFFALO Sabres zone.
6:48 of 3rd period - Shot by Sam Gagner.
6:48 of 3rd period - Shot Misses the Net.
6:50 of 3rd period - Shot by Brandon Saad.
6:50 of 3rd period - Shot Hit the Post.
7:34 of 3rd period - Shot by Jesperi Kotkaniemi.
7:34 of 3rd period - Shot Misses the Net.
7:40 of 3rd period - Shot by Kent Johnson.
7:40 of 3rd period - Deflect By Rasmus Asplund.
7:40 of 3rd period - Shot Misses the Net.
9:03 of 3rd period - Ryan McDonagh is hit by Ryan Johansen and loses puck.
9:22 of 3rd period - Shot by Conor Sheary.
9:22 of 3rd period - Shot Misses the Net.
9:24 of 3rd period - Shot by Brandon Saad.
9:24 of 3rd period - Shot Misses the Net.
9:28 of 3rd period - Shot by Ryan Johansen.
9:28 of 3rd period - Shot Misses the Net.
10:09 of 3rd period - Shot by Evgeny Kuznetsov.
10:09 of 3rd period - Shot Blocked by Michael Del Zotto.
10:11 of 3rd period - Shot by Evander Kane.
10:11 of 3rd period - Goal by Evander Kane - TAMPA BAY Lightning : 2 - BUFFALO Sabres : 3.
10:12 of 3rd period - Cole Sillinger wins face-off versus Ivan Barbashev in neutral zone.
10:14 of 3rd period - Mark Friedman is hit by Joel Farabee and loses puck.
10:18 of 3rd period - Mark Friedman is hit by Tyler Myers and loses puck.
10:33 of 3rd period - Shot by Cole Sillinger.
10:33 of 3rd period - Stopped by Thatcher Demko without a rebound.
10:34 of 3rd period - Ryan Johansen wins face-off versus Evgeny Kuznetsov in BUFFALO Sabres zone.
10:47 of 3rd period - Shot by Evander Kane.
10:47 of 3rd period - Shot Misses the Net.
10:49 of 3rd period - Shot by Evgeny Kuznetsov.
10:49 of 3rd period - Shot Misses the Net.
10:51 of 3rd period - Shot by Ryan McDonagh .
10:51 of 3rd period - Stopped by Thatcher Demko without a rebound.
10:52 of 3rd period - Cole Sillinger wins face-off versus Ivan Barbashev in BUFFALO Sabres zone.
11:25 of 3rd period - Shot by Joel Farabee.
11:25 of 3rd period - Stopped by Martin Jones with a rebound.
12:01 of 3rd period - Shot by Brandon Saad.
12:01 of 3rd period - Stopped by Martin Jones with a rebound.
12:03 of 3rd period - Shot by Ryan Johansen.
12:03 of 3rd period - Shot Misses the Net.
12:17 of 3rd period - Shot by Conor Sheary.
12:17 of 3rd period - Shot Misses the Net.
12:41 of 3rd period - Josh Mahura is hit by Robby Fabbri and loses puck.
13:04 of 3rd period - Shot by Sam Gagner.
13:04 of 3rd period - Stopped by Martin Jones without a rebound.
13:05 of 3rd period - Warren Foegele wins face-off versus Evgeny Kuznetsov in TAMPA BAY Lightning zone.
13:05 of 3rd period - Warren Foegele is hit by Ivan Provorov.
13:14 of 3rd period - Joel Farabee is hit by Ryan McDonagh and loses puck.
13:21 of 3rd period - Shot by Joel Farabee.
13:21 of 3rd period - Shot Misses the Net.
13:23 of 3rd period - Shot by Michael Del Zotto.
13:23 of 3rd period - Shot Misses the Net.
14:03 of 3rd period - Shot by Mikhail Grigorenko.
14:03 of 3rd period - Stopped by Martin Jones without a rebound.
14:04 of 3rd period - Oskar Sundqvist wins face-off versus Ryan Johansen in TAMPA BAY Lightning zone.
14:20 of 3rd period - Conor Sheary is hit by Artem Zub.
14:58 of 3rd period - Nelson Nogier is hit by Lawson Crouse and loses puck.
15:17 of 3rd period - Ryan McDonagh is hit by Robby Fabbri and loses puck.
15:28 of 3rd period - Shot by Kent Johnson.
15:28 of 3rd period - Stopped by Thatcher Demko without a rebound.
15:29 of 3rd period - Evgeny Kuznetsov wins face-off versus Ivan Barbashev in BUFFALO Sabres zone.
15:38 of 3rd period - Evgeny Kuznetsov is hit by Ivan Barbashev.
15:45 of 3rd period - Icing by Joel Farabee.
15:46 of 3rd period - Joel Farabee wins face-off versus Kent Johnson in BUFFALO Sabres zone.
15:51 of 3rd period - Shot by Kent Johnson.
15:51 of 3rd period - Stopped by Thatcher Demko without a rebound.
15:52 of 3rd period - Sam Gagner wins face-off versus Anders Lee in BUFFALO Sabres zone.
16:00 of 3rd period - Off-side.
16:01 of 3rd period - Ryan Johansen wins face-off versus Evgeny Kuznetsov in neutral zone.
16:22 of 3rd period - Shot by Evgeny Kuznetsov.
16:22 of 3rd period - Shot Misses the Net.
17:24 of 3rd period - Shot by Oskar Sundqvist.
17:24 of 3rd period - Shot Blocked by Hampus Lindholm.
17:26 of 3rd period - Shot by Lawson Crouse.
17:26 of 3rd period - Shot Blocked by Timothy Liljegren.
17:44 of 3rd period - Shot by Sven Baertschi.
17:44 of 3rd period - Shot Misses the Net.
18:24 of 3rd period - Shot by Ivan Barbashev.
18:24 of 3rd period - Shot Blocked by Josh Mahura.
19:00 of 3rd period - Shot by Brandon Saad.
19:00 of 3rd period - Stopped by Martin Jones with a rebound.
19:02 of 3rd period - Shot by Ryan Johansen.
19:02 of 3rd period - Stopped by Martin Jones with a rebound.
19:04 of 3rd period - Shot by Ryan Johansen.
19:04 of 3rd period - Deflect By Brandon Saad.
19:04 of 3rd period - Shot Hit the Post.
19:06 of 3rd period - Shot by Ryan Johansen.
19:06 of 3rd period - Shot Misses the Net.
19:30 of 3rd period - Conor Sheary is hit by Cole Sillinger and loses puck.
19:36 of 3rd period - Icing by Nelson Nogier.
19:37 of 3rd period - Conor Sheary wins face-off versus Evgeny Kuznetsov in BUFFALO Sabres zone.
19:37 of 3rd period - Conor Sheary is hit by Evander Kane.
19:43 of 3rd period - Ryan McDonagh is hit by Brandon Saad and loses puck.
19:54 of 3rd period - TAMPA BAY Lightning, Martin Jones is pulled from the net.
19:58 of 3rd period - Shot by Ivan Provorov.
19:58 of 3rd period - Shot Misses the Net.
Goals for this period are 1 for TAMPA BAY Lightning vs 0 for BUFFALO Sabres.
Shots for this period are 5 for TAMPA BAY Lightning vs 8 for BUFFALO Sabres.